 Dungeon Sprint DCSS version 0.29-a0-322-g68df515428 (webtiles) character file.

Game seed: 2403354024508316527

1900000 BigDaddyOpFi the Conqueror (level 16, -15/154 HPs)
             Began as a Djinni Abyssal Knight on Apr 6, 2022.
             Was a High Priest of Lugonu.
             Demolished by a bag of meat
             ... wielding a +9 war axe
              (39 damage)
             ... in the Dungeon (Sprint VIII: "Arena of Blood").
             The game lasted 00:00:40 (19 turns).

BigDaddyOpFi the Conqueror (Djinni Abyssal Knight)    Turns: 19, Time: 00:00:40

Health: -15/154    AC:  3    Str: 12    XL:     16   Next: 41%
Gold:   0          EV: 21    Int: 21    God:    Lugonu [*****.] SH:  0 Dex: 13

rFire   + + .      SeeInvis .   g - +∞ Axe of Woe
rCold   x . .      Faith    .   (shield currently unavailable)
rNeg    . . .      Spirit   .   a - +0 leather armour
rPois   ∞          Reflect  .   (no helmet)
rElec   .          Harm     .   (no cloak)
rCorr   .          Rampage  .   (no gloves)
Will    +....      NoTele   +   (boots unavailable)
Stlth   +.........              (no amulet)
HPRegen 0.35/turn               (no ring)
MPRegen 0.00/turn               (no ring)

@: flying
A: sickness immunity, fire resistance 2, cold vulnerability 1, float, innate
caster, HP casting, extra vitality 1
a: Renounce Religion, Bend Space, Banish, Corrupt


You were in the Dungeon.
You worshipped Lugonu.
Lugonu was extremely pleased with you.
You visited 1 branch

Inventory:

Hand Weapons
 g - the +∞ Axe of Woe (weapon)
   (You found it in the Dungeon)
Armour
 a - a +0 leather armour (worn)
Scrolls
 f - a scroll of blinking
Potions
 b - a potion of curing
 c - a potion of heal wounds
 d - a potion of haste
 e - a potion of berserk rage


   Skills:
 O Level 27 Fighting
 + Level 15.6 Axes
 + Level 7.2 Armour
 + Level 21.1 Dodging
 + Level 20.0 Unarmed Combat
 + Level 17.9 Invocations


You couldn't memorise any spells.
You knew the following spells:

 Your Spells              Type           Power      Damage    Failure   Level
a - Sandblast             Erth           0%         2d4       22%         1
b - Scorch                Fire           0%         2d5       32%         2
c - Passwall              Tmut/Erth      0%         N/A       32%         2
d - Olgreb's Toxic Radia  Pois           0%         N/A       91%         4
e - Manifold Assault      Tloc           0%         N/A       99%         5
f - Blade Hands           Tmut           0%         N/A       99%         5
g - Death Channel         Necr           0%         N/A       100%        6
Your spell library was empty.


Dungeon Overview and Level Annotations

Branches:
Dungeon (1/1)

Altars:
Makhleb


Innate Abilities, Weirdness & Mutations

You are immune to sickness and miasma.
You are immune to poison.
Your flesh is very heat resistant. (rF++)
You are vulnerable to cold. (rC-)
You float through the air rather than walking.
You learn spells naturally, not from books.
Your magical power is your life essence.
You have superior vitality. (+4 MHP)


Message History

Lugonu accepts your kill.
You hit the bag of meat.
You hew the bag of meat savagely.
You kill the bag of meat!
Lugonu accepts your kill.
You hear a shout! x2
The meat berserker rages.
You hear a shout! x5
The destroyer points at you and mumbles some strange words.
The destroyer blinks!
A bag of meat comes into view. It is wielding a +9 war axe.
You hear a shout! x3
The meat berserker hits you with a +9 battleaxe!!!
* * * LOW HITPOINT WARNING * * *
You hear a shout!
Your Axes skill gained 2 levels and is now at level 15!
Your Armour skill increases to level 7!
Your Dodging skill gained 2 levels and is now at level 21!
Your Unarmed Combat skill gained 2 levels and is now at level 20!
Your Invocations skill increases to level 17!
You have reached level 16!
You feel clever.
Unknown command.
Unknown command.
The bag of meat shouts!
You slice the meat berserker!!
You butcher the meat berserker messily.
You kill the meat berserker!
Lugonu accepts your kill.
You hit the destroyer. You chop the destroyer into pieces.
You destroy the destroyer!
Lugonu accepts your kill.
You hear a shout! x7
A bag of meat comes into view. It is wielding a +9 war axe. x2
You hear a shout!
A bag of meat comes into view. It is wielding a +9 war axe. x3
You hear a shout! x2
A meat berserker comes into view. It is wielding a +9 battleaxe.
You hear a shout! x3
The bag of meat closely misses you.
The bag of meat hits you with a +9 war axe!!!
You die...

.#o.....###.... ..###
oO...........o.###.....
.......#........_.....
.o.o#.......#.....#
###o.........#_.<._#
##....#.......#...).#..
......oO#O...)..._......
.......oo....).)###.....
..oo.oo@o..###.).....###
...O..oo.....#.......#
.......o.....#.......#
...o#..o..............
o..#O#.#...O..........
o..o#.#.........o.....
...#.# #..............
.o.# .....#...


You could see a large bag of meat (inner flame), 5 meat berserkers and 22 bags
of meat.

Vanquished Creatures
  A vampire knight (D)
  4 ogres (D)
  7 orcs (D)
12 creatures vanquished.

Notes
Turn   | Place    | Note
-------+----------+-------------------------------------------
     0 | D        | Found the +∞ Axe of Woe
     0 | D        | BigDaddyOpFi the Djinni Abyssal Knight began the quest for
                  | the Orb.
     0 | D        | Reached XP level 1. HP: 20/20 MP: 0/0
     2 | D        | Noticed a meat berserker
     2 | D        | Killed a meat berserker
     2 | D        | Noticed a bag of meat
     2 | D        | Noticed a bag of meat
     2 | D        | Noticed a bag of meat
     3 | D        | Reached skill level 22 in Fighting
     3 | D        | Reached skill level 10 in Invocations
     3 | D        | Reached XP level 2. HP: 53/53 MP: 0/0
     3 | D        | Reached XP level 3. HP: 58/58 MP: 0/0
     3 | D        | Learned a level 1 spell: Sandblast
     3 | D        | Reached XP level 4. HP: 66/66 MP: 0/0
     3 | D        | Reached XP level 5. HP: 71/71 MP: 0/0
     3 | D        | Learned a level 2 spell: Scorch
     3 | D        | Reached XP level 6. HP: 78/78 MP: 0/0
     3 | D        | Reached XP level 7. HP: 85/85 MP: 0/0
     3 | D        | Learned a level 2 spell: Passwall
     3 | D        | Reached XP level 8. HP: 91/91 MP: 0/0
     3 | D        | Reached XP level 9. HP: 97/97 MP: 0/0
     3 | D        | Learned a level 4 spell: Olgreb's Toxic Radiance
     3 | D        | Reached XP level 10. HP: 103/103 MP: 0/0
     3 | D        | Reached XP level 11. HP: 110/110 MP: 0/0
     3 | D        | Learned a level 5 spell: Manifold Assault
     3 | D        | Reached XP level 12. HP: 116/116 MP: 0/0
     3 | D        | Noticed a bag of meat
     5 | D        | Noticed a bag of meat
     5 | D        | Noticed a bag of meat
     6 | D        | Noticed a meat berserker
     7 | D        | Killed a bag of meat
     7 | D        | Reached *** piety under Lugonu
     7 | D        | Noticed a bag of meat
     7 | D        | Noticed a bag of meat
     7 | D        | Noticed a bag of meat
     8 | D        | Reached skill level 23 in Fighting
     8 | D        | Reached XP level 13. HP: 127/127 MP: 0/0
     8 | D        | Learned a level 5 spell: Blade Hands
     8 | D        | Killed a bag of meat
     8 | D        | Killed a bag of meat
     9 | D        | Reached skill level 26 in Fighting
     9 | D        | Reached skill level 5 in Armour
     9 | D        | Reached skill level 15 in Dodging
     9 | D        | Reached XP level 14. HP: 82/139 MP: 0/0
     9 | D        | Killed a bag of meat
     9 | D        | Reached **** piety under Lugonu
     9 | D        | Killed a meat berserker
     9 | D        | Killed a bag of meat
     9 | D        | Noticed a bag of meat
    10 | D        | Reached skill level 27 in Fighting
    10 | D        | Reached skill level 15 in Invocations
    10 | D        | Reached XP level 15. HP: 87/147 MP: 0/0
    10 | D        | Learned a level 6 spell: Death Channel
    14 | D        | Noticed a meat berserker
    15 | D        | Noticed a destroyer
    15 | D        | Noticed a meat berserker
    15 | D        | Noticed a meat berserker
    16 | D        | Noticed a meat berserker
    17 | D        | Noticed a meat berserker
    17 | D        | Noticed a large bag of meat
    17 | D        | Killed a meat berserker
    17 | D        | Noticed a meat berserker
    18 | D        | Reached ***** piety under Lugonu
    19 | D        | Reached skill level 15 in Axes
    19 | D        | Reached XP level 16. HP: 23/154 MP: 0/0
    19 | D        | Killed a meat berserker
    19 | D        | Killed a destroyer
    19 | D        | Noticed a meat berserker
    19 | D        | Demolished by a bag of meat

Illustrated notes

Levels and vault maps discovered:
D:        meatsprint

Skill      XL: |  1  2  3  4  5  6  7  8  9 10 11 12 13 14 15 |
---------------+----------------------------------------------+-----
Fighting       | 22 23 26 27 | 27.0
Axes           | 4 6 12 15 | 15.6
Armour         | 4 5 7 |  7.2
Dodging        | 12 13 15 18 21 | 21.1
Unarmed Combat | 11 12 14 17 20 | 20.0
Invocations    | 10 11 12 15 17 | 17.9

Action                   |  1- 3 |  4- 6 |  7- 9 | 10-12 | 13-15 | 16-18 || total
-------------------------+-------+-------+-------+-------+-------+-------++-------
Melee: Executioner's axe |     1 |       |       |     1 |     4 |     1 ||     7
Dodge: Dodged            |       |       |       |       |     1 |     1 ||     2

Table legend: (Time is in decaauts)
 A = Elapsed time spent in this place.
 B = Non-inter-level travel time spent in this place.
 C = Inter-level travel time spent in this place.
 D = Time resting spent in this place.
 E = Time spent auto-exploring this place.
 F = Levels seen in this place.
 G = Mean time per level.
                   A        B        C        D        E       F      G
               +--------+--------+--------+--------+--------+-----+--------+
         Total |     21 |     21 |      0 |      0 |      0 |   1 |   21.0 |
       Dungeon |     21 |     21 |      0 |      0 |      0 |   1 |   21.0 |
               +--------+--------+--------+--------+--------+-----+--------+

Top non-repeatable levels by time:
       D: 21 daAuts
